Flyers vs Islanders

Created - April 15, 2024 at 21:16

Goals
1 2 3 T
Flyers 2 0 0 2
Islanders 0 4 0 4
Shots
1 2 3 T
Flyers 11 14 10 35
Islanders 5 12 7 24

GoalsPenalties
1st period
1. Flyers , Robert Thomas 2 (Vince Dunn 1) at 11:24
2. Flyers , Alex Pietrangelo 4 (Aaron Ekblad 9, Robert Thomas 2) at 16:23 (PP)
Connor McDavid (NYI) for High sticking (Minor) at 2:41
Chandler Stephenson (NYI) for Hooking (Minor) at 14:34
Justin Holl (NYI) for Interference (Minor) at 17:45
2nd period
3. Islanders , Shayne Gostisbehere 3 (Pavel Buchnevich 4, Neal Pionk 3) at 9:08
4. Islanders , Pavel Buchnevich 4 (Jon Marchessault 1, Shayne Gostisbehere 7) at 11:32
5. Islanders , Connor McDavid 4 (Jake Guentzel 3, Brent Burns 3) at 16:35
6. Islanders , Brad Marchand 2 (Connor McDavid 7, Jake Guentzel 4) at 16:57
Neal Pionk (NYI) for Charging (Minor) at 0:21
Brad Marchand (NYI) for Interference (Minor) at 2:36
3rd period
No Goal
Jake Guentzel (NYI) for Tripping (Minor) at 1:25
Goalie Stats
Sergei Bobrovsky (PHI), 9 saves from 9 shots - (1.000), 23:03 minutes
Linus Ullmark (PHI), 11 saves from 15 shots - (0.733), L, 4-3-1, 36:57 minutes
Ville Husso (NYI), 33 saves from 35 shots - (0.943), W, 5-3-0, 60:00 minutes
3 StarsOfficial
1 - Pavel Buchnevich (NYI)
2 - Shayne Gostisbehere (NYI)
3 - Connor McDavid (NYI)
Referees : Francois St-Laurent and Dan O'Halloran
Linesman : Justin Cornell and Julien Fournier
Game Note
Alex Pietrangelo is injured at 6:27 of 2nd period (Sprained Left Knee)
Sergei Bobrovsky enters game at 16:57 of 2nd period
Finance
Level 1 -- Attendance: 6000 (100.00%) -- Ticket Income $690,000
Level 2 -- Attendance: 5000 (100.00%) -- Ticket Income $425,000
Level 3 -- Attendance: 2000 (100.00%) -- Ticket Income $156,000
Level 4 -- Attendance: 1795 (100.00%) -- Ticket Income $107,700
Luxury Box -- Attendance: 1000 (100.00%) -- Ticket Income $213,000
Game was played at the Barclays Center.
Total Attendance: 15795 (100.00%)
Total Ticket Income: $1,591,700
Other Income: $397,925
Total Income: $1,989,625



Team Name Goals Shots Shots Attemp Shots Blocked PIM HIT PP PK FO%
Flyers 2355590181 / 6 (17%)046%
Islanders 42445612200 / 0 (0.00%154%

Flyers
Player Name POS G A P +/- PIM HIT SHT SB MP PP MP PP SHT PK MP PK SHT FO% FOT
Aaron EkbladD0110012127:005:1910:0000% 0
Alex PietrangeloD1010011110:214:3410:0000% 0
Brandon TanevLW000000309:220:3500:0000% 1
Calle JarnkrokC000000118:470:0000:00050% 8
Chris TanevD000-3000219:260:0000:0000% 0
Dante FabbroD000-3011213:040:0000:0000% 0
Eetu LuostarinenC000000006:510:0000:00067% 9
Eric StaalC000000106:510:0000:0000% 1
Jake DeBruskLW000-1031020:535:1910:00050% 2
Jared McCannLW000-1026021:245:5030:0000% 2
Joel FarabeeLW0000011014:065:1910:0000% 0
Johnny GaudreauLW000-2002023:296:2500:00033% 3
Mika ZibanejadC000-2025023:296:2520:00041% 29
Robert ThomasC112-1026020:535:1900:00052% 27
Sam LaffertyC000000017:190:0000:0000% 0
Victor HedmanD000-1022127:066:2520:0000% 0
Vince DunnD0111010016:100:4500:0000% 0
William NylanderRW000-2023023:296:2500:0000% 0
Islanders
Player Name POS G A P +/- PIM HIT SHT SB MP PP MP PP SHT PK MP PK SHT FO% FOT
Brad MarchandLW1012221017:340:0000:05033% 3
Brent BurnsD0111010225:020:0005:1800% 0
Chandler StephensonC0000201013:310:0003:31067% 15
Connor McDavidC1122213017:290:0000:00057% 21
Evgeny KuznetsovC0000001010:010:0000:000100% 1
Jake GuentzelLW0222212017:290:0000:0000% 2
Jean-Gabriel PageauC000-1020111:490:0007:21047% 17
Jon MarchessaultLW/RW0112041016:170:0000:0000% 0
Justin HollD0000210113:380:0000:0000% 0
Matt DucheneC0002014016:170:0000:00056% 18
Michael BuntingLW000-100104:280:0000:0000% 1
Mikael GranlundC0000012017:220:0007:21067% 3
Neal PionkD0112220022:470:0005:3200% 0
Nick LeddyD0000000112:100:0000:5400% 0
Pavel BuchnevichLW1122015017:090:0000:5200% 0
Shayne GostisbehereD1122001121:190:0006:2600% 0
Shea TheodoreD0001032025:020:0005:1800% 0
Tanner JeannotLW000-100008:460:0004:1800% 1



Play-by-Play

1st period


0:01 of 1st period - Connor McDavid wins face-off versus Mika Zibanejad in neutral zone.
0:08 of 1st period - Shot by Brad Marchand.
0:08 of 1st period - Shot Misses the Net.
0:10 of 1st period - Shot by Brent Burns.
0:10 of 1st period - Shot Blocked by Alex Pietrangelo.
0:12 of 1st period - Shot by Connor McDavid.
0:12 of 1st period - Stopped by Linus Ullmark without a rebound.
0:13 of 1st period - Robert Thomas wins face-off versus Matt Duchene in Flyers zone.
0:26 of 1st period - Shot by Jared McCann.
0:26 of 1st period - Stopped by Ville Husso with a rebound.
0:32 of 1st period - Shayne Gostisbehere is hit by Jake DeBrusk and loses puck.
1:32 of 1st period - Icing by Shea Theodore.
1:33 of 1st period - Evgeny Kuznetsov wins face-off versus Calle Jarnkrok in Islanders zone.
2:41 of 1st period - Minor Penalty to Connor McDavid for High sticking.
2:42 of 1st period - Johnny Gaudreau wins face-off versus Jean-Gabriel Pageau in Islanders zone.
2:53 of 1st period - Shot by Mika Zibanejad.
2:53 of 1st period - Stopped by Ville Husso with a rebound.
3:05 of 1st period - Shot by Mika Zibanejad.
3:05 of 1st period - Shot Misses the Net.
3:13 of 1st period - Shot by Johnny Gaudreau.
3:13 of 1st period - Shot Misses the Net.
3:15 of 1st period - Shot by Johnny Gaudreau.
3:15 of 1st period - Deflect By Mika Zibanejad.
3:15 of 1st period - Stopped by Ville Husso without a rebound.
3:16 of 1st period - Chandler Stephenson wins face-off versus Robert Thomas in Islanders zone.
3:16 of 1st period - Chandler Stephenson is hit by Robert Thomas.
3:58 of 1st period - Icing by Robert Thomas.
3:59 of 1st period - Robert Thomas wins face-off versus Tanner Jeannot in Flyers zone.
4:24 of 1st period - Shot by Jared McCann.
4:24 of 1st period - Stopped by Ville Husso without a rebound.
4:25 of 1st period - Mikael Granlund wins face-off versus Mika Zibanejad in Islanders zone.
4:56 of 1st period - Matt Duchene is hit by Dante Fabbro.
5:02 of 1st period - Shot by Matt Duchene.
5:02 of 1st period - Stopped by Linus Ullmark without a rebound.
5:03 of 1st period - Mika Zibanejad wins face-off versus Jake Guentzel in Flyers zone.
5:13 of 1st period - Connor McDavid is hit by Alex Pietrangelo and loses puck.
5:24 of 1st period - Shot by Brad Marchand.
5:24 of 1st period - Shot Misses the Net.
5:26 of 1st period - Shot by Shea Theodore.
5:26 of 1st period - Stopped by Linus Ullmark with a rebound.
5:57 of 1st period - Icing by Johnny Gaudreau.
5:58 of 1st period - Matt Duchene wins face-off versus Mika Zibanejad in Flyers zone.
6:39 of 1st period - Off-side.
6:40 of 1st period - Eetu Luostarinen wins face-off versus Jean-Gabriel Pageau in neutral zone.
6:50 of 1st period - Icing by Justin Holl.
6:51 of 1st period - Robert Thomas wins face-off versus Jean-Gabriel Pageau in Islanders zone.
7:45 of 1st period - Icing by Vince Dunn.
7:46 of 1st period - Robert Thomas wins face-off versus Connor McDavid in Flyers zone.
7:57 of 1st period - Icing by Vince Dunn.
7:58 of 1st period - Matt Duchene wins face-off versus Robert Thomas in Flyers zone.
8:01 of 1st period - Shot by Matt Duchene.
8:01 of 1st period - Stopped by Linus Ullmark with a rebound.
8:19 of 1st period - Shot by Jon Marchessault.
8:19 of 1st period - Deflect By Matt Duchene.
8:19 of 1st period - Stopped by Linus Ullmark with a rebound.
8:50 of 1st period - Icing by Alex Pietrangelo.
8:51 of 1st period - Connor McDavid wins face-off versus Mika Zibanejad in Flyers zone.
9:56 of 1st period - Icing by Alex Pietrangelo.
9:57 of 1st period - Jean-Gabriel Pageau wins face-off versus Mika Zibanejad in Flyers zone.
11:24 of 1st period - Shot by Robert Thomas.
11:24 of 1st period - Goal by Robert Thomas - Flyers : 1 - Islanders : 0.
11:25 of 1st period - Eetu Luostarinen wins face-off versus Brad Marchand in neutral zone.
11:34 of 1st period - Icing by Brent Burns.
11:35 of 1st period - Robert Thomas wins face-off versus Connor McDavid in Islanders zone.
11:44 of 1st period - Shot by Jake DeBrusk.
11:44 of 1st period - Deflect By Robert Thomas.
11:44 of 1st period - Stopped by Ville Husso without a rebound.
11:45 of 1st period - Chandler Stephenson wins face-off versus Eetu Luostarinen in Islanders zone.
12:38 of 1st period - Icing by Eetu Luostarinen.
12:39 of 1st period - Connor McDavid wins face-off versus Eetu Luostarinen in Flyers zone.
13:00 of 1st period - Connor McDavid is hit by Victor Hedman and loses puck.
13:13 of 1st period - Shot by Johnny Gaudreau.
13:13 of 1st period - Shot Misses the Net.
13:15 of 1st period - Shot by Victor Hedman.
13:15 of 1st period - Shot Misses the Net.
13:17 of 1st period - Shot by Alex Pietrangelo.
13:17 of 1st period - Shot Blocked by Nick Leddy.
13:27 of 1st period - Shot by Mika Zibanejad.
13:27 of 1st period - Shot Misses the Net.
13:29 of 1st period - Shot by Mika Zibanejad.
13:29 of 1st period - Shot Misses the Net.
13:33 of 1st period - Shot by Mika Zibanejad.
13:33 of 1st period - Stopped by Ville Husso without a rebound.
13:34 of 1st period - Robert Thomas wins face-off versus Matt Duchene in Islanders zone.
13:34 of 1st period - Jake DeBrusk is hit by Shea Theodore and loses puck.
13:40 of 1st period - Jake DeBrusk is hit by Brent Burns and loses puck.
14:34 of 1st period - Minor Penalty to Chandler Stephenson for Hooking.
14:35 of 1st period - Mikael Granlund wins face-off versus Johnny Gaudreau in Islanders zone.
14:52 of 1st period - Shot by Mika Zibanejad.
14:52 of 1st period - Shot Misses the Net.
14:54 of 1st period - Shot by Jared McCann.
14:54 of 1st period - Stopped by Ville Husso without a rebound.
14:55 of 1st period - Jean-Gabriel Pageau wins face-off versus Robert Thomas in Islanders zone.
15:16 of 1st period - Shot by Alex Pietrangelo.
15:16 of 1st period - Shot Misses the Net.
15:18 of 1st period - Shot by Jake DeBrusk.
15:18 of 1st period - Stopped by Ville Husso without a rebound.
15:19 of 1st period - Mika Zibanejad wins face-off versus Jean-Gabriel Pageau in Islanders zone.
16:21 of 1st period - Shot by Alex Pietrangelo.
16:21 of 1st period - Shot Blocked by Shayne Gostisbehere.
16:23 of 1st period - Shot by Alex Pietrangelo.
16:23 of 1st period - Goal by Alex Pietrangelo - Flyers : 2 - Islanders : 0.
16:24 of 1st period - Eetu Luostarinen wins face-off versus Connor McDavid in neutral zone.
16:24 of 1st period - Eetu Luostarinen is hit by Brad Marchand.
16:59 of 1st period - Shot by Jake Guentzel.
16:59 of 1st period - Shot Misses the Net.
17:45 of 1st period - Minor Penalty to Justin Holl for Interference.
17:46 of 1st period - Mika Zibanejad wins face-off versus Jean-Gabriel Pageau in Islanders zone.
18:15 of 1st period - Shot by Johnny Gaudreau.
18:15 of 1st period - Shot Blocked by Jean-Gabriel Pageau.
18:17 of 1st period - Shot by Victor Hedman.
18:17 of 1st period - Shot Blocked by Brent Burns.
18:19 of 1st period - Shot by Victor Hedman.
18:19 of 1st period - Stopped by Ville Husso without a rebound.
18:20 of 1st period - Jean-Gabriel Pageau wins face-off versus Robert Thomas in Islanders zone.
18:27 of 1st period - Aaron Ekblad is hit by Jean-Gabriel Pageau and loses puck.
Goals for this period are 2 for Flyers vs 0 for Islanders.
Shots for this period are 11 for Flyers vs 5 for Islanders.

2nd period


0:01 of 2nd period - Mika Zibanejad wins face-off versus Matt Duchene in neutral zone.
0:19 of 2nd period - Mika Zibanejad is hit by Justin Holl and loses puck.
0:21 of 2nd period - Minor Penalty to Neal Pionk for Charging.
0:22 of 2nd period - Jean-Gabriel Pageau wins face-off versus Robert Thomas in Islanders zone.
0:32 of 2nd period - Alex Pietrangelo is hit by Jean-Gabriel Pageau and loses puck.
1:19 of 2nd period - Shot by William Nylander.
1:19 of 2nd period - Shot Misses the Net.
1:29 of 2nd period - Shot by Jared McCann.
1:29 of 2nd period - Stopped by Ville Husso without a rebound.
1:30 of 2nd period - Chandler Stephenson wins face-off versus Mika Zibanejad in Islanders zone.
1:53 of 2nd period - Shot by William Nylander.
1:53 of 2nd period - Shot Misses the Net.
1:55 of 2nd period - Shot by Victor Hedman.
1:55 of 2nd period - Stopped by Ville Husso without a rebound.
1:56 of 2nd period - Robert Thomas wins face-off versus Jean-Gabriel Pageau in Islanders zone.
2:11 of 2nd period - Shot by Aaron Ekblad.
2:11 of 2nd period - Stopped by Ville Husso without a rebound.
2:12 of 2nd period - Jean-Gabriel Pageau wins face-off versus Jared McCann in Islanders zone.
2:25 of 2nd period - Icing by Connor McDavid.
2:26 of 2nd period - Connor McDavid wins face-off versus Brandon Tanev in Islanders zone.
2:36 of 2nd period - Minor Penalty to Brad Marchand for Interference.
2:37 of 2nd period - Jean-Gabriel Pageau wins face-off versus Mika Zibanejad in Islanders zone.
2:52 of 2nd period - Shea Theodore is hit by Jared McCann and loses puck.
3:47 of 2nd period - Shea Theodore is hit by Jake DeBrusk and loses puck.
4:00 of 2nd period - Shot by Joel Farabee.
4:00 of 2nd period - Stopped by Ville Husso without a rebound.
4:01 of 2nd period - Mika Zibanejad wins face-off versus Jean-Gabriel Pageau in Islanders zone.
4:42 of 2nd period - Shot by Chandler Stephenson.
4:42 of 2nd period - Stopped by Linus Ullmark with a rebound.
4:44 of 2nd period - Shot by Pavel Buchnevich.
4:44 of 2nd period - Shot Misses the Net.
4:46 of 2nd period - Shot by Nick Leddy.
4:46 of 2nd period - Shot Blocked by Sam Lafferty.
5:29 of 2nd period - Icing by Chris Tanev.
5:30 of 2nd period - Eetu Luostarinen wins face-off versus Connor McDavid in Flyers zone.
5:49 of 2nd period - Shot by Brad Marchand.
5:49 of 2nd period - Deflect By Jake Guentzel.
5:49 of 2nd period - Stopped by Linus Ullmark without a rebound.
5:50 of 2nd period - Chandler Stephenson wins face-off versus Mika Zibanejad in Flyers zone.
5:59 of 2nd period - Shot by Evgeny Kuznetsov.
5:59 of 2nd period - Stopped by Linus Ullmark without a rebound.
6:00 of 2nd period - Robert Thomas wins face-off versus Connor McDavid in Flyers zone.
6:11 of 2nd period - Brent Burns is hit by Robert Thomas and loses puck.
6:26 of 2nd period - Alex Pietrangelo is hit by Shea Theodore and loses puck.
6:27 of 2nd period - Alex Pietrangelo from Flyers is injured at 6:27 of 2nd period (Sprained Left Knee).
6:28 of 2nd period - Mika Zibanejad wins face-off versus Matt Duchene in Islanders zone.
6:54 of 2nd period - Shot by Johnny Gaudreau.
6:54 of 2nd period - Stopped by Ville Husso without a rebound.
6:55 of 2nd period - Jake DeBrusk wins face-off versus Connor McDavid in Islanders zone.
7:24 of 2nd period - Shot by Robert Thomas.
7:24 of 2nd period - Stopped by Ville Husso without a rebound.
7:25 of 2nd period - Matt Duchene wins face-off versus Mika Zibanejad in Islanders zone.
7:49 of 2nd period - Shot by Mika Zibanejad.
7:49 of 2nd period - Deflect By William Nylander.
7:49 of 2nd period - Stopped by Ville Husso without a rebound.
7:50 of 2nd period - Robert Thomas wins face-off versus Jake Guentzel in Islanders zone.
9:04 of 2nd period - Shot by Pavel Buchnevich.
9:04 of 2nd period - Stopped by Linus Ullmark with a rebound.
9:06 of 2nd period - Shot by Shayne Gostisbehere.
9:06 of 2nd period - Shot Blocked by Chris Tanev.
9:08 of 2nd period - Shot by Shayne Gostisbehere.
9:08 of 2nd period - Goal by Shayne Gostisbehere - Flyers : 2 - Islanders : 1.
9:09 of 2nd period - Calle Jarnkrok wins face-off versus Chandler Stephenson in neutral zone.
9:12 of 2nd period - Shot by Dante Fabbro.
9:12 of 2nd period - Stopped by Ville Husso without a rebound.
9:13 of 2nd period - Mika Zibanejad wins face-off versus Mikael Granlund in Islanders zone.
9:28 of 2nd period - Shot by Mika Zibanejad.
9:28 of 2nd period - Shot Blocked by Justin Holl.
9:40 of 2nd period - Shot by William Nylander.
9:40 of 2nd period - Stopped by Ville Husso without a rebound.
9:41 of 2nd period - Calle Jarnkrok wins face-off versus Brad Marchand in Islanders zone.
11:32 of 2nd period - Shot by Pavel Buchnevich.
11:32 of 2nd period - Goal by Pavel Buchnevich - Flyers : 2 - Islanders : 2.
11:33 of 2nd period - Chandler Stephenson wins face-off versus Eric Staal in neutral zone.
11:36 of 2nd period - Eric Staal is hit by Mikael Granlund and loses puck.
11:58 of 2nd period - Shot by Eric Staal.
11:58 of 2nd period - Stopped by Ville Husso without a rebound.
11:59 of 2nd period - Robert Thomas wins face-off versus Jean-Gabriel Pageau in Islanders zone.
12:30 of 2nd period - Shot by Michael Bunting.
12:30 of 2nd period - Stopped by Linus Ullmark without a rebound.
12:31 of 2nd period - Mika Zibanejad wins face-off versus Matt Duchene in Flyers zone.
12:31 of 2nd period - Mika Zibanejad is hit by Jon Marchessault.
13:07 of 2nd period - Shot by Mika Zibanejad.
13:07 of 2nd period - Stopped by Ville Husso without a rebound.
13:08 of 2nd period - Connor McDavid wins face-off versus Robert Thomas in Islanders zone.
14:23 of 2nd period - William Nylander is hit by Shea Theodore and loses puck.
15:00 of 2nd period - Chandler Stephenson is hit by William Nylander and loses puck.
15:20 of 2nd period - Icing by Dante Fabbro.
15:21 of 2nd period - Matt Duchene wins face-off versus Calle Jarnkrok in Flyers zone.
15:26 of 2nd period - Shot by Nick Leddy.
15:26 of 2nd period - Shot Blocked by Calle Jarnkrok.
15:40 of 2nd period - Shot by Calle Jarnkrok.
15:40 of 2nd period - Shot Misses the Net.
15:50 of 2nd period - Shot by Brandon Tanev.
15:50 of 2nd period - Stopped by Ville Husso without a rebound.
15:51 of 2nd period - Connor McDavid wins face-off versus Robert Thomas in Islanders zone.
15:55 of 2nd period - Icing by Jake Guentzel.
15:56 of 2nd period - Robert Thomas wins face-off versus Connor McDavid in Islanders zone.
15:59 of 2nd period - Shot by Jared McCann.
15:59 of 2nd period - Stopped by Ville Husso without a rebound.
16:00 of 2nd period - Mika Zibanejad wins face-off versus Matt Duchene in Islanders zone.
16:05 of 2nd period - Shot by Mika Zibanejad.
16:05 of 2nd period - Stopped by Ville Husso without a rebound.
16:06 of 2nd period - Matt Duchene wins face-off versus Mika Zibanejad in Islanders zone.
16:19 of 2nd period - Shot by Pavel Buchnevich.
16:19 of 2nd period - Shot Misses the Net.
16:27 of 2nd period - Shot by Pavel Buchnevich.
16:27 of 2nd period - Stopped by Linus Ullmark without a rebound.
16:28 of 2nd period - Connor McDavid wins face-off versus Jared McCann in Flyers zone.
16:31 of 2nd period - Shot by Connor McDavid.
16:31 of 2nd period - Shot Blocked by Dante Fabbro.
16:35 of 2nd period - Shot by Connor McDavid.
16:35 of 2nd period - Goal by Connor McDavid - Flyers : 2 - Islanders : 3.
16:36 of 2nd period - Connor McDavid wins face-off versus Mika Zibanejad in neutral zone.
16:55 of 2nd period - Shot by Jake Guentzel.
16:55 of 2nd period - Shot Blocked by Dante Fabbro.
16:57 of 2nd period - Shot by Connor McDavid.
16:57 of 2nd period - Deflect By Brad Marchand.
16:57 of 2nd period - Goal by Brad Marchand - Flyers : 2 - Islanders : 4.
16:57 of 2nd period - Sergei Bobrovsky enters game.
16:58 of 2nd period - Matt Duchene wins face-off versus Robert Thomas in neutral zone.
17:04 of 2nd period - Icing by Brent Burns.
17:05 of 2nd period - Matt Duchene wins face-off versus Mika Zibanejad in Islanders zone.
18:51 of 2nd period - Victor Hedman is hit by Neal Pionk and loses puck.
19:26 of 2nd period - Shot by Mikael Granlund.
19:26 of 2nd period - Stopped by Sergei Bobrovsky with a rebound.
19:28 of 2nd period - Shot by Chandler Stephenson.
19:28 of 2nd period - Shot Misses the Net.
19:30 of 2nd period - Shot by Mikael Granlund.
19:30 of 2nd period - Stopped by Sergei Bobrovsky without a rebound.
19:31 of 2nd period - Eetu Luostarinen wins face-off versus Matt Duchene in Flyers zone.
19:31 of 2nd period - Eetu Luostarinen is hit by Matt Duchene.
19:59 of 2nd period - Sam Lafferty is hit by Jon Marchessault and loses puck.
Goals for this period are 0 for Flyers vs 4 for Islanders.
Shots for this period are 14 for Flyers vs 12 for Islanders.

3rd period


0:01 of 3rd period - Connor McDavid wins face-off versus Mika Zibanejad in neutral zone.
0:27 of 3rd period - Shot by William Nylander.
0:27 of 3rd period - Shot Blocked by Brent Burns.
0:29 of 3rd period - Shot by Mika Zibanejad.
0:29 of 3rd period - Deflect By Johnny Gaudreau.
0:29 of 3rd period - Stopped by Ville Husso without a rebound.
0:30 of 3rd period - Matt Duchene wins face-off versus Robert Thomas in Islanders zone.
1:13 of 3rd period - Shot by Matt Duchene.
1:13 of 3rd period - Stopped by Sergei Bobrovsky with a rebound.
1:16 of 3rd period - Icing by Robert Thomas.
1:17 of 3rd period - Brad Marchand wins face-off versus Robert Thomas in Flyers zone.
1:25 of 3rd period - Minor Penalty to Jake Guentzel for Tripping.
1:26 of 3rd period - Jean-Gabriel Pageau wins face-off versus Mika Zibanejad in Islanders zone.
1:50 of 3rd period - Shot by Mika Zibanejad.
1:50 of 3rd period - Shot Misses the Net.
2:11 of 3rd period - Icing by Jake DeBrusk.
2:12 of 3rd period - Chandler Stephenson wins face-off versus Jake DeBrusk in Flyers zone.
3:26 of 3rd period - Icing by Brandon Tanev.
3:27 of 3rd period - Eetu Luostarinen wins face-off versus Connor McDavid in Flyers zone.
3:27 of 3rd period - Sam Lafferty is hit by Brad Marchand and loses puck.
4:02 of 3rd period - Shot by Connor McDavid.
4:02 of 3rd period - Shot Misses the Net.
4:56 of 3rd period - Shot by Jon Marchessault.
4:56 of 3rd period - Stopped by Sergei Bobrovsky with a rebound.
5:17 of 3rd period - Icing by Brent Burns.
5:18 of 3rd period - Chandler Stephenson wins face-off versus Johnny Gaudreau in Islanders zone.
5:18 of 3rd period - Chandler Stephenson is hit by Mika Zibanejad.
6:13 of 3rd period - Icing by Brent Burns.
6:14 of 3rd period - Chandler Stephenson wins face-off versus Robert Thomas in Islanders zone.
6:29 of 3rd period - Shot by Jake DeBrusk.
6:29 of 3rd period - Shot Misses the Net.
6:54 of 3rd period - Shot by Connor McDavid.
6:54 of 3rd period - Shot Blocked by Aaron Ekblad.
6:58 of 3rd period - Shot by Connor McDavid.
6:58 of 3rd period - Shot Misses the Net.
7:45 of 3rd period - Shot by Pavel Buchnevich.
7:45 of 3rd period - Shot Misses the Net.
7:47 of 3rd period - Shot by Shea Theodore.
7:47 of 3rd period - Stopped by Sergei Bobrovsky without a rebound.
7:48 of 3rd period - Mika Zibanejad wins face-off versus Michael Bunting in Flyers zone.
7:58 of 3rd period - Icing by Brent Burns.
7:59 of 3rd period - Mika Zibanejad wins face-off versus Jean-Gabriel Pageau in Islanders zone.
8:29 of 3rd period - Brent Burns is hit by Victor Hedman and loses puck.
8:45 of 3rd period - Victor Hedman is hit by Pavel Buchnevich and loses puck.
8:59 of 3rd period - Pavel Buchnevich is hit by Joel Farabee and loses puck.
9:15 of 3rd period - Icing by Brandon Tanev.
9:16 of 3rd period - Connor McDavid wins face-off versus Calle Jarnkrok in Flyers zone.
9:16 of 3rd period - Brad Marchand is hit by Vince Dunn and loses puck.
9:24 of 3rd period - Vince Dunn is hit by Connor McDavid and loses puck.
9:38 of 3rd period - Shot by Calle Jarnkrok.
9:38 of 3rd period - Stopped by Ville Husso without a rebound.
9:39 of 3rd period - Robert Thomas wins face-off versus Chandler Stephenson in Islanders zone.
10:10 of 3rd period - Shot by Robert Thomas.
10:10 of 3rd period - Stopped by Ville Husso without a rebound.
10:11 of 3rd period - Matt Duchene wins face-off versus Mika Zibanejad in Islanders zone.
10:11 of 3rd period - Matt Duchene is hit by William Nylander.
10:53 of 3rd period - Shot by Shayne Gostisbehere.
10:53 of 3rd period - Shot Misses the Net.
10:55 of 3rd period - Shot by Pavel Buchnevich.
10:55 of 3rd period - Shot Misses the Net.
11:25 of 3rd period - Connor McDavid is hit by Aaron Ekblad and loses puck.
11:38 of 3rd period - Shot by Jake Guentzel.
11:38 of 3rd period - Stopped by Sergei Bobrovsky without a rebound.
11:39 of 3rd period - Chandler Stephenson wins face-off versus Robert Thomas in Flyers zone.
11:42 of 3rd period - Shot by Evgeny Kuznetsov.
11:42 of 3rd period - Shot Misses the Net.
11:50 of 3rd period - Brent Burns is hit by Jared McCann and loses puck.
12:03 of 3rd period - Shot by Robert Thomas.
12:03 of 3rd period - Stopped by Ville Husso with a rebound.
12:09 of 3rd period - Shot by Robert Thomas.
12:09 of 3rd period - Deflect By Jared McCann.
12:09 of 3rd period - Stopped by Ville Husso without a rebound.
12:10 of 3rd period - Calle Jarnkrok wins face-off versus Matt Duchene in Islanders zone.
12:45 of 3rd period - Calle Jarnkrok is hit by Neal Pionk and loses puck.
13:17 of 3rd period - Shot by Brad Marchand.
13:17 of 3rd period - Deflect By Connor McDavid.
13:17 of 3rd period - Stopped by Sergei Bobrovsky without a rebound.
13:18 of 3rd period - Robert Thomas wins face-off versus Connor McDavid in Flyers zone.
13:18 of 3rd period - Robert Thomas is hit by Jake Guentzel.
15:40 of 3rd period - Shot by Brandon Tanev.
15:40 of 3rd period - Stopped by Ville Husso without a rebound.
15:41 of 3rd period - Connor McDavid wins face-off versus Eetu Luostarinen in Islanders zone.
16:08 of 3rd period - Shot by Aaron Ekblad.
16:08 of 3rd period - Stopped by Ville Husso without a rebound.
16:09 of 3rd period - Robert Thomas wins face-off versus Chandler Stephenson in Islanders zone.
16:40 of 3rd period - Shot by Jake DeBrusk.
16:40 of 3rd period - Shot Misses the Net.
16:42 of 3rd period - Shot by Victor Hedman.
16:42 of 3rd period - Deflect By Robert Thomas.
16:42 of 3rd period - Stopped by Ville Husso with a rebound.
17:11 of 3rd period - Icing by Nick Leddy.
17:12 of 3rd period - Chandler Stephenson wins face-off versus Calle Jarnkrok in Islanders zone.
17:22 of 3rd period - Icing by Mikael Granlund.
17:23 of 3rd period - Mika Zibanejad wins face-off versus Chandler Stephenson in Islanders zone.
17:24 of 3rd period - Shot by William Nylander.
17:24 of 3rd period - Stopped by Ville Husso without a rebound.
17:25 of 3rd period - Matt Duchene wins face-off versus Mika Zibanejad in Islanders zone.
17:25 of 3rd period - Matt Duchene is hit by Mika Zibanejad.
17:47 of 3rd period - Shot by Pavel Buchnevich.
17:47 of 3rd period - Stopped by Sergei Bobrovsky without a rebound.
17:48 of 3rd period - Connor McDavid wins face-off versus Robert Thomas in Flyers zone.
17:57 of 3rd period - Connor McDavid is hit by Jake DeBrusk and loses puck.
18:59 of 3rd period - Mika Zibanejad is hit by Jon Marchessault.
19:06 of 3rd period - Johnny Gaudreau is hit by Jon Marchessault and loses puck.
19:17 of 3rd period - Shot by Pavel Buchnevich.
19:17 of 3rd period - Stopped by Sergei Bobrovsky without a rebound.
19:18 of 3rd period - Calle Jarnkrok wins face-off versus Chandler Stephenson in Flyers zone.
19:28 of 3rd period - Shot by Brandon Tanev.
19:28 of 3rd period - Stopped by Ville Husso without a rebound.
19:29 of 3rd period - Jean-Gabriel Pageau wins face-off versus Mika Zibanejad in Islanders zone.
19:39 of 3rd period - Shot by Jean-Gabriel Pageau.
19:39 of 3rd period - Deflect By Michael Bunting.
19:39 of 3rd period - Shot Blocked by Victor Hedman.
19:43 of 3rd period - Shot by Jean-Gabriel Pageau.
19:43 of 3rd period - Shot Blocked by Chris Tanev.
Goals for this period are 0 for Flyers vs 0 for Islanders.
Shots for this period are 10 for Flyers vs 7 for Islanders.